 Dungeon Crawl Stone Soup version 0.31-a0-75-g6fe912e8c5 (webtiles) character file.

Game seed: 224923728239425774

2 Esekla the Sneak (level 1, -1/16 HPs)
             Began as an Octopode Delver on May 23, 2023.
             Slain by an orc
             ... wielding a +0 hand axe
              (7 damage)
             ... on level 5 of the Dungeon.
             The game lasted 00:03:09 (125 turns).

Esekla the Sneak (Octopode Delver)                   Turns: 125, Time: 00:03:09

Health: -1/16      AC:  1    Str: 11    XL:     1   Next: 30%
Magic:  1/1        EV: 13    Int: 12    God:
Gold:   16         SH:  0    Dex: 13    Spells: 0/0 levels left

rFire   . . .        c - +2 dagger (flame)
rCold   . . .        (no shield)
rNeg    . . .        (helmet restricted)
rPois   .            (no amulet)
rElec   .            (no ring)
rCorr   .            (no ring)
SInv    .            (no ring)
Will    .....        (no ring)
Stlth   ++++         (no ring)
HPRegen 0.22/turn    (no ring)
MPRegen 0.07/turn    (no ring)
                     (no ring)

%: no passive effects
@: no status effects
A: almost no armour, amphibious, 8 rings, camouflage 1, gelatinous body 1,
(nimble swimmer 1), tentacles
a: no special abilities


You were on level 5 of the Dungeon.
You visited 2 branches of the dungeon, and saw 2 of its levels.

You collected 16 gold pieces.

Inventory:

Hand Weapons
 a - a +0 falchion
 c - a +2 dagger of flaming (weapon)
Wands
 f - a wand of digging (3)
Scrolls
 b - a scroll of fog
 d - a scroll of fear
Potions
 e - a potion of haste


   Skills:
 * Level 3.0 Fighting
 * Level 2.0 Long Blades
 * Level 2.0 Dodging
 + Level 6.6 Stealth


You couldn't memorise any spells.
You didn't know any spells.
Your spell library was empty.

Dungeon Overview and Level Annotations

Branches:
Dungeon (5/15)             Temple (1/1) D:5

Altars:
Ashenzari
Dithmenos
Makhleb
Nemelex Xobeh
Ru
Zin
The Shining One


Innate Abilities, Weirdness & Mutations

You cannot wear most types of armour.
You are amphibious.
You can wear up to eight rings at the same time.
Your skin changes colour to match your surroundings (Stealth+).
Your rubbery body absorbs attacks. (AC +1, EV +1)
((You are camouflaged when in or above water. (Stealth+)))
You have tentacles for arms and can constrict up to eight enemies at once.


Message History

You have 16 gold pieces.
There is a staircase to the Ecumenical Temple here.
Press: ? - help, v - describe, . - travel
Here: an orc wizard, wielding a +2 dagger of venom and wearing a +0 robe The floor.
You climb downwards.
Welcome to the Ecumenical Temple!
Found two altars.
There is a staircase back to the Dungeon here.
Found three altars.
Found a burning altar of Makhleb and a broken altar of Ashenzari.
There is a broken altar of Ashenzari here.
(D) Dungeon (T) Temple
Where to? (? - help)
There is a staircase back to the Dungeon here.
You climb upwards.
The orc hits you with a +2 dagger of flaming.
The orc burns you.
There is a staircase to the Ecumenical Temple here.
The orc barely misses you.
You climb downwards.
Welcome back to the Ecumenical Temple!
There is a staircase back to the Dungeon here.
You slash the orc!
You kill the orc!
You see here a +2 dagger of flaming.
Okay, then.
You see here a +2 dagger of flaming.
c - a +2 dagger of flaming Your +2 dagger of flaming bursts into flame!
c - a +2 dagger of flaming (weapon)
You start resting.
HP restored.
There is a staircase back to the Dungeon here.
You climb upwards.
The orc closely misses you.
The orc unwields a +0 hand axe.
The orc wields a +0 orcbow.
The orc shoots an arrow.
The arrow barely misses you.
The orc wizard points at you and mumbles some strange words.
The puff of flame hits you!
Ouch! That really hurt!
The orc hits you with a +0 hand axe!
You die...

*,,,*,,,*,,,,****+*,,,,,*,,**,,,
*,,,**,,#....,,,,,.....,*,,*****
**,,**,,#.....,,,,.....,*,,*,,,,
**,,,,,,+<.....*,......,****,,,,
*,,,,,,,#......*,......,,,,,,,,,
*,,,,,,,#.....###o...o.,,,,,,,,,
*,,,,,,,#............,,,,,,,,,,,
**,####+#..,#.....#,,,,,,,,,,,,,
***+#......###..@).#**,******,,,,
*,,,#........#..o..#..,* *,,,,
*,,,#.................#* *,,,,
*,,,#..........###...## *,,,,
****#......##...#,..##*******,,,,
,,,,##+#....##..#,....,,,,,,,,,,,
,,,,+,,#....+.....,....,,,,,,,,,,
,.,,*,,#....#..#...<........,,,,,
,..,*,,#....#..#.........5.,,,,,,


You could see an orc wizard and 2 orcs.

Vanquished Creatures
  An orc (Temple)
1 creature vanquished.

Notes
Turn   | Place    | Note
-------+----------+-------------------------------------------
     0 | D:5      | Esekla the Octopode Delver began the quest for the Orb.
     0 | D:5      | Reached XP level 1. HP: 16/16 MP: 1/1
    49 | D:5      | Found a staircase to the Ecumenical Temple.
    54 | D:5      | Noticed an orc wizard
    57 | Temple   | Entered the Ecumenical Temple
   125 | D:5      | Slain by an orc

Illustrated notes

Levels and vault maps discovered:
D:5:      layout_gridville, minmay_temple_entry_tees, nicolae_stop_n_shop_2
Temple:   nicolae_temple_ecumenical_triangle

Action                     || total
---------------------------++-------
  Melee: Falchion          ||     1
    Use: Scroll            ||     1
  Dodge: Dodged            ||     3

Table legend: (Time is in decaauts)
 A = Elapsed time spent in this place.
 B = Non-inter-level travel time spent in this place.
 C = Inter-level travel time spent in this place.
 D = Time resting spent in this place.
 E = Time spent auto-exploring this place.
 F = Levels seen in this place.
 G = Mean time per level.
                   A        B        C        D        E       F      G
               +--------+--------+--------+--------+--------+-----+--------+
         Total |    125 |    119 |      6 |     12 |      0 |   2 |   62.5 |
       Dungeon |     59 |     59 |      0 |      0 |      0 |   1 |   59.0 |
        Temple |     65 |     59 |      6 |     12 |      0 |   1 |   65.0 |
               +--------+--------+--------+--------+--------+-----+--------+

Top non-repeatable levels by time:
  Temple: 65 daAuts
     D:5: 59 daAuts
